 Dungeon Crawl Stone Soup version 0.30.1-11-g7821555f0a (webtiles) character file.

Game seed: 5728448266870801695

130 fireball365 the Chopper (level 5, -1/46 HPs)
             Began as a Hill Orc Fighter on Dec 9, 2023.
             Slain by an iguana (4 damage)
             ... on level 4 of the Dungeon.
             The game lasted 00:03:06 (1971 turns).

fireball365 the Chopper (Hill Orc Fighter)          Turns: 1971, Time: 00:03:07

Health: -1/46      AC: 10    Str: 21    XL:     5   Next: 13%
Magic:  5/5        EV:  9    Int:  8    God:
Gold:   201        SH:  4    Dex: 10    Spells: 4/4 levels left

rFire   . . .        a - +0 war axe
rCold   . . .        c - +0 buckler
rNeg    . . .        b - +0 scale mail
rPois   .            (no helmet)
rElec   .            (no cloak)
rCorr   .            i - +2 pair of gloves
SInv    .            (no boots)
Will    .....        l - amulet of the acrobat Stlth
                     (no ring)
HPRegen 0.27/turn    (no ring)
MPRegen 0.09/turn

%: acrobat
@: no status effects
A: no striking features
a: no special abilities


You were on level 4 of the Dungeon.
You visited 1 branch of the dungeon, and saw 4 of its levels.

You collected 201 gold pieces.

Inventory:

Hand Weapons
 a - a +0 war axe (weapon)
Armour
 b - a +0 scale mail (worn)
 c - a +0 buckler (worn)
 i - a +2 pair of gloves (worn)
Jewellery
 l - an amulet of the acrobat (around neck)
Scrolls
 e - a scroll of teleportation {unknown}
 g - a scroll of fog {unknown}
 k - a scroll of amnesia
 o - a scroll of identify {unknown}
 p - a scroll of fear {unknown}
Potions
 d - a potion of might
 f - 2 potions of ambrosia {unknown}
 h - a potion of lignification {unknown}
 j - a potion of curing {unknown}
 m - 2 potions of heal wounds {unknown}
 n - a potion of attraction {unknown}


   Skills:
 + Level 3.9 Fighting
 + Level 4.7 Axes
 + Level 4.2 Armour
 + Level 1.0 Dodging
 + Level 3.9 Shields


You had 4 spell levels left.
You didn't know any spells.
Your spell library contained the following spells:

 Spells                   Type           Power      Damage    Failure   Level
 Ozocubu's Armour         Ice            0%         N/A       99%         3
 Metabolic Englaciation   Hex/Ice        0%         N/A       100%        5
 Simulacrum               Ice/Necr       0%         N/A       100%        6


Dungeon Overview and Level Annotations

Branches:
Dungeon (4/15)
 Temple: D:4-7

Altars:
Trog


Message History

You slash the iguana!
You kill the iguana!
Your Dodging skill increases to level 1!
You have reached level 5!
You feel stronger.
An iguana comes into view.
You see here 14 gold pieces.
Found 10 gold pieces.
A gnoll comes into view. It is wielding a +0 spear.
The gnoll shouts!
You slash the iguana!
The iguana is heavily wounded.
A gnoll comes into view. It is wielding a +0 spear.
A gnoll comes into view. It is wielding a +0 whip.
The iguana bites you but does no damage.
You barely miss the iguana.
The iguana is heavily wounded.
The gnoll shouts! x2
A gnoll comes into view. It is wielding a +0 spear.
The iguana misses you. The iguana bites you.
* * * LOW HITPOINT WARNING * * *
The gnoll moves out of view.
You hit the iguana.
The iguana is almost dead.
You slash the gnoll! The gnoll barely misses you. The iguana misses you.
You closely miss the iguana.
The iguana is almost dead.
You barely miss the gnoll. The gnoll hits you but does no damage.
The gnoll hits you with a +0 whip.
* * * LOW HITPOINT WARNING * * *
The iguana barely misses you.
You closely miss the iguana.
The iguana is almost dead.
The gnoll shouts!
You hit the gnoll but do no damage. The gnoll hits you but does no damage.
The gnoll hits you with a +0 whip.
* * * LOW HITPOINT WARNING * * *
The iguana barely misses you. The gnoll hits you but does no damage.
The iguana bites you.
You die...

..#.. #.#.# ####.#.# #.#
... #......####.# ...
#.........#.# ....
#...........####...$.
###......##......#g....
##.†......##.#...gg.....
...###..........@lg#
#### #........$..#.# #
#............# .# #
#..######+##### # # #..#
###.# .##+ ## #


You could see an iguana and 4 gnolls.

Vanquished Creatures
  An iguana (D:4)
  4 adders
  A worm (D:2)
  A dart slug (D:1)
  3 orcs
  3 ball pythons
  6 bats
  9 endoplasms
  3 giant cockroaches
  9 goblins
  5 hobgoblins
  3 kobolds
  A quokka (D:1)
  4 rats
53 creatures vanquished.

Notes
Turn   | Place    | Note
-------+----------+-------------------------------------------
     0 | D:1      | fireball365 the Hill Orc Fighter began the quest for the
                  | Orb.
     0 | D:1      | Reached XP level 1. HP: 19/19 MP: 1/1
    65 | D:1      | Found a faded altar of an unknown god.
   132 | D:1      | Reached XP level 2. HP: 24/27 MP: 2/2
   714 | D:2      | Reached XP level 3. HP: 25/33 MP: 3/3
  1385 | D:3      | Found a bloodstained altar of Trog.
  1605 | D:3      | Reached XP level 4. HP: 40/40 MP: 4/4
  1955 | D:4      | Reached skill level 1 in Dodging
  1955 | D:4      | Reached XP level 5. HP: 5/46 MP: 5/5
  1971 | D:4      | Slain by an iguana

Illustrated notes

Levels and vault maps discovered:
D:1:      saegor_arrival_simple_e, layout_rooms,
          dreamdust_ecumenical_altar_grove
D:2:      layout_loops_ring
D:3:      layout_loops_cross, trog_three_pillars_becter,
          corexii_item_surrounded_by_moat
D:4:      layout_basic, lemuel_crystal_altar, nicolae_hexahallways

Skill      XL: |  1  2  3  4 |
---------------+-------------+-----
Axes           | 3 4 |  4.7
Armour         | 4 |  4.2
Dodging        | 1 |  1.0
Fighting       | |  3.9
Shields        | |  3.9

Action                     |  1- 3 |  4- 6 || total
---------------------------+-------+-------++-------
  Melee: War axe           |    89 |    58 ||   147
    Use: Scroll            |     1 |       ||     1
 Armour: Scale mail        |    57 |    39 ||    96
  Dodge: Dodged            |    59 |    26 ||    85
  Block: Buckler           |    22 |     8 ||    30
